Map: Abyssal Reef LE

Players

Railgan

  • Race: Zerg Zerg
  • League: Grandmaster
  • Spawn Location: 5:00

llllllllllll - Winner!

  • Race: Terran Terran
  • League: Master
  • Spawn Location: 11:00

VOD

Have the link to the VOD?

Description

Time

  • Played on: March 17, 2017, 5:33 p.m.
  • Length: 14:19
Show
View Real Time Build Order
Export as new Build Order

Railgan Zerg 

Build Orders: Pool First, Swarm Host 

Get SALT Encoding   

  12  0:01  Drone  
  13  0:12  Overlord  
  13  0:17  Drone  
  14  0:31  Drone x2  
  14  0:35  Drone  
  17  0:48  Spawning Pool  
  17  0:49  Drone  
  17  0:57  Drone  
  18  1:12  Hatchery  
  18  1:13  Extractor  
  18  1:18  Drone  
  17  1:20  Drone  
  18  1:30  Drone  
  19  1:34  Queen  
  19  1:39  Zergling x2  
  22  1:51  Overlord  
  22  2:10  Queen  
  22  2:13  Drone x2  
  22  2:15  Metabolic Boost  
  26  2:22  Drone  
  27  2:24  Queen  
  27  2:26  Drone  
  30  2:35  Drone  
  30  2:36  Overlord  
  31  2:42  Evolution Chamber  
  31  2:44  Drone  
  31  2:51  Drone x2  
  31  2:56  Drone x2  
  34  3:04  Drone  
  35  3:10  Zergling x4  
  35  3:11  Zerg Ground Armor Level 1  
  37  3:23  Drone x4  
  37  3:26  Zergling x2  
  41  3:30  Zergling x2  
  41  3:33  Drone x2  
  44  3:38  Overlord  
  44  3:40  Overlord  
  44  3:43  Extractor x2  
  43  3:48  Drone x2  
  43  3:54  Overlord  
  44  3:55  Spine Crawler  
  44  3:57  Extractor  
  42  4:07  Drone x7  
  49  4:13  Zergling x2  
  50  4:18  Queen  
  50  4:19  Zergling x2  
  53  4:24  Zergling x2  
  53  4:27  Drone  
  54  4:34  Drone  
  54  4:35  Drone x2, Overlord  
  54  4:37  Lair  
  56  4:39  Zergling x4  
  56  4:43  Overlord  
  56  4:45  Spore Crawler x2  
  57  4:49  Drone  
  57  4:50  Spore Crawler  
  56  5:01  Overlord  
  56  5:05  Drone x2  
  57  5:09  Drone x2  
  57  5:12  Queen  
  57  5:13  Zerg Melee Weapons Level 1  
  61  5:15  Zergling x10  
  61  5:20  Evolution Chamber  
  65  5:28  Drone  
  54  5:36  Drone  
  54  5:37  Drone x5  
  57  5:43  Drone x3  
  57  5:46  Drone  
  57  5:48  Drone  
  62  5:53  Spore Crawler  
  62  5:55  Overseer  
  56  6:04  Drone x2  
  56  6:08  Infestation Pit  
  57  6:11  Drone  
  57  6:14  Drone  
  57  6:17  Drone x2  
  59  6:23  Drone x3  
  60  6:26  Drone  
  60  6:27  Drone x2  
  58  6:36  Hatchery  
  56  6:43  Zerg Ground Armor Level 2  
  56  6:50  Burrow  
  56  7:02  Overlord  
  56  7:09  Zergling x6  
  56  7:10  Zergling x4  
  61  7:19  Drone  
  60  7:25  Swarm Host x5  
  81  7:31  Zerg Missile Weapons Level 1  
  81  7:37  Swarm Host x3  
  81  7:39  Overlord  
  90  7:45  Zergling x2  
  89  7:53  Swarm Host  
  89  7:56  Zergling x2  
  89  7:57  Zergling x2  
  89  7:58  Zergling x2  
  95  8:04  Infestor  
  97  8:08  Zergling x2  
  97  8:10  Zergling x2  
  99  8:13  Zergling x4  
  99  8:16  Zergling x6  
  104  8:22  Zergling x2  
  103  8:31  Drone  
  103  8:32  Drone  
  105  8:39  Overlord  
  103  8:44  Zergling x8  
  103  8:48  Zergling x2  
  102  9:01  Swarm Host x2  
  108  9:06  Queen  
  108  9:08  Overlord  
  108  9:09  Overlord x2  
  111  9:20  Zergling x6  
  101  9:31  Swarm Host  
  101  9:32  Swarm Host x3  
  117  9:41  Zergling x2  
  117  9:42  Drone x2  
  117  9:43  Drone x2  
  117  9:45  Overseer  
  122  9:50  Drone  
  122  9:51  Drone  
  124  9:57  Infestor x2  
  124  9:59  Zergling x4  
  129  10:12  Zergling x2  
  126  10:28  Zergling x2  
  126  10:29  Zergling x8  
  126  10:31  Overlord  
  130  10:36  Swarm Host  
  130  10:39  Overlord  
  130  10:40  Overseer  
  136  10:47  Overlord x4  
  136  10:49  Zerg Melee Weapons Level 2  
  136  10:52  Overlord  
  136  10:55  Overlord  
  134  11:04  Overseer  
  113  11:13  Infestor x3  
  113  11:15  Zergling x2  
  113  11:16  Zergling x16  
  113  11:17  Drone  
  129  11:21  Zergling x2  
  130  11:26  Zergling x4  
  130  11:29  Zergling x2  
  130  11:30  Zergling x2  
  130  11:31  Overseer, Pneumatized Carapace  
  134  11:39  Zergling x2  
  140  11:40  Zergling x10  
  140  11:53  Zergling x8  
  138  12:02  Zergling x2  
  138  12:03  Zergling x8  
  137  12:10  Zergling x2  
  137  12:11  Zergling x2  
  129  12:16  Infestor  
  129  12:21  Zergling x2  
  128  12:29  Zergling x2  
  111  12:30  Zergling x2  
  104  12:39  Zergling x6  
  103  12:47  Zergling x2  
  103  12:48  Zergling x4  
  98  12:53  Drone x2  
  98  12:54  Zergling x2  
  119  13:21  Queen x2  
  119  13:22  Queen  
  134  13:31  Extractor  
  133  13:47  Swarm Host x5  
  148  13:49  Zergling x2  
Show
View Real Time Build Order
Export as new Build Order

llllllllllll Terran - Winner!

Build Orders: Reaper Expand, Hellion Banshee, MMM Bio 

Get SALT Encoding   

  12  0:00  SCV  
  13  0:13  SCV  
  14  0:17  Supply Depot  
  14  0:25  SCV  
  15  0:39  SCV  
  15  0:41  Barracks  
  16  0:45  Refinery  
  16  0:51  SCV  
  17  1:03  SCV  
  18  1:15  SCV  
  19  1:28  Reaper, Orbital Command  
  20  1:44  Command Center  
  20  1:54  SCV  
  20  1:57  Supply Depot  
  21  2:01  Barracks Reactor  
  21  2:07  SCV  
  22  2:19  SCV  
  23  2:22  Factory  
  23  2:26  Refinery  
  23  2:31  SCV  
  24  2:38  Marine x2  
  24  2:43  SCV  
  27  2:55  SCV  
  28  3:02  Orbital Command  
  28  3:05  Barracks Tech Lab  
  28  3:07  SCV  
  28  3:08  Starport  
  29  3:15  Hellion x2  
  29  3:19  SCV  
  34  3:31  SCV  
  34  3:33  SCV  
  36  3:37  Hellion x2  
  39  3:41  Supply Depot  
  39  3:43  SCV  
  39  3:45  SCV  
  41  3:52  Supply Depot  
  41  3:55  SCV  
  41  3:56  Cloaking Field, Banshee  
  41  3:57  SCV  
  46  4:03  Hellion  
  46  4:05  Hellion  
  46  4:08  SCV  
  46  4:09  Supply Depot, SCV  
  52  4:10  Barracks Tech Lab  
  52  4:20  SCV  
  52  4:21  SCV  
  54  4:28  Hellion x2  
  57  4:32  SCV  
  57  4:33  SCV  
  58  4:39  Banshee  
  58  4:41  Marine, Stimpack  
  58  4:44  SCV  
  63  4:47  Supply Depot x2  
  63  4:49  SCV  
  64  4:59  Barracks  
  65  5:02  Barracks  
  65  5:05  Factory Reactor  
  64  5:10  Marine, Command Center  
  64  5:11  SCV  
  64  5:12  SCV  
  67  5:23  SCV  
  67  5:24  SCV  
  67  5:28  Marine  
  54  5:46  Barracks, Refinery, Marine  
  54  5:47  Barracks, Starport Reactor, SCV x2, Engineering Bay  
  54  5:48  Engineering Bay, Refinery  
  57  5:52  Marine x2, Factory Reactor  
  57  5:56  Bunker  
  59  6:04  Marauder  
  59  6:09  SCV  
  59  6:10  Marine x2, SCV  
  65  6:15  Terran Infantry Armor Level 1, Terran Infantry Weapons Level 1  
  65  6:17  Marine  
  65  6:18  Marine  
  59  6:21  SCV  
  59  6:22  SCV  
  59  6:25  Marine  
  58  6:27  Marine  
  49  6:34  SCV x2  
  49  6:37  Marine x2  
  53  6:42  Barracks Reactor x2  
  53  6:43  Marine  
  53  6:45  Orbital Command  
  54  6:49  Combat Shields  
  54  6:51  Medivac  
  54  6:52  Medivac  
  54  6:54  Marine  
  59  6:55  SCV  
  59  7:01  Marine x2, SCV  
  61  7:02  Marine  
  61  7:04  Marine  
  61  7:06  Widow Mine x2  
  61  7:07  SCV  
  70  7:13  SCV, Orbital Command  
  70  7:14  Marine  
  72  7:19  SCV  
  72  7:20  Marine  
  72  7:21  Marine x7  
  78  7:26  SCV  
  79  7:31  Marine  
  79  7:32  Medivac x2, SCV  
  85  7:37  Widow Mine x2  
  85  7:38  Marine, SCV  
  85  7:39  Marine x2  
  85  7:43  SCV  
  85  7:44  SCV  
  95  7:51  SCV  
  95  7:54  Marine x4  
  95  7:55  SCV  
  95  7:57  Supply Depot  
  95  7:58  Supply Depot, Armory  
  100  8:02  Marine x2  
  101  8:08  Supply Depot  
  101  8:13  Marine  
  101  8:14  Marine  
  101  8:15  SCV  
  101  8:18  Marine x5  
  101  8:19  Marine, SCV x2  
  108  8:20  Marine  
  109  8:31  Marine x2  
  111  8:36  Marine x4  
  115  8:46  Marine x3  
  108  8:49  Marine  
  108  8:50  Marauder  
  108  8:53  Medivac  
  108  8:54  Medivac, Widow Mine x2, Marine x4  
  122  9:01  SCV x3  
  116  9:03  Marine x2  
  116  9:04  Marine  
  116  9:07  Marine  
  120  9:13  SCV x2  
  120  9:14  SCV  
  121  9:17  Marine x3  
  121  9:19  Marauder  
  121  9:22  Marine x3  
  123  9:25  Marine x2, SCV x2  
  123  9:30  Widow Mine x2  
  122  9:33  SCV  
  122  9:35  Marine x3  
  119  9:39  Marine  
  119  9:40  Marine x3  
  119  9:41  Terran Infantry Weapons Level 2, Terran Infantry Armor Level 2  
  119  9:42  Marine  
  121  9:50  Command Center  
  121  9:54  Refinery x2  
  121  9:56  Factory x2  
  121  9:57  Marine x5  
  121  9:58  Marine x2  
  128  10:09  SCV x3  
  131  10:14  Terran Vehicle Weapons Level 1  
  131  10:21  SCV  
  125  10:28  Marine x4  
  115  10:29  Siege Tank, Medivac  
  115  10:30  Medivac, Marine x2  
  115  10:31  Marine x3  
  128  10:39  Unknown  
  124  10:46  Factory Tech Lab x2  
  124  10:48  Supply Depot  
  124  10:49  Marauder  
  126  10:50  Marine x6, Supply Depot  
  126  10:51  Marine  
  126  10:55  Supply Depot  
  126  10:57  Supply Depot  
  133  11:02  Marine, Medivac x2  
  138  11:08  Marine x5  
  131  11:12  Marine x2, Marauder  
  131  11:14  Siege Tank  
  131  11:15  Siege Tank x2  
  140  11:20  Marine  
  140  11:23  Planetary Fortress  
  141  11:26  Marine  
  141  11:32  Medivac x2  
  146  11:34  Marine x3  
  146  11:36  Marine x3, Marauder  
  146  11:37  Marine  
  155  11:44  Marine  
  154  11:53  Marine x3  
  157  11:54  Siege Tank x2  
  161  12:05  Marine  
  161  12:06  Marine x2  
  161  12:07  Marine  
  161  12:08  Marine x2  
  156  12:10  Siege Tank  
  156  12:11  Marine x3  
  150  12:23  Marine  
  150  12:24  Marine x2  
  150  12:25  Marine  
  150  12:26  Marine x2  
  150  12:28  Marine  
  156  12:37  Marine x2, Siege Tank  
  156  12:41  Marine x2, Siege Tank  
  156  12:42  Marine, Siege Tank  
  156  12:43  Marine x2  
  165  12:44  Marauder  
  165  12:46  Marine  
  159  12:54  Marine x2  
  159  12:55  SCV x3  
  159  12:58  Supply Depot  
  161  12:59  Medivac x2, Supply Depot  
  165  13:05  Marauder  
  165  13:07  SCV x3  
  165  13:08  Marine x4  
  170  13:17  Marine x2  
  170  13:19  Marine x2, SCV, Siege Tank  
  178  13:21  Supply Depot  
  180  13:27  Marauder  
  180  13:45  Marine  
  180  13:46  Marine x7  
  180  13:47  Siege Tank x2  
  192  13:48  Marauder  
Tags
 
Add a new tag
Caveats
  • Supply blocks, unpowered buildings, or Contaminate may cause inaccurate times.
  • Supply counts are checked every 10 seconds.